AoeStats
← yunn champ yunn

Arabia

510177789Analyzed
1v1 RM · 3d ago on Sep 29, 2026· 62m 53s· 2 players
Game mode
Random Map
Map size
Tiny (2 player)
Population
200
Speed
Normal
Resources
Standard
Victory
Conquest
Starting age
Dark Age
Ending age
Imperial Age
RankedLock teamsTeams togetherTeam positionsShared explorationLock speedFull tech treeHidden civsTurbo modeCheats
Victory
Defeat
🇧🇪 Franks · Belgium
660
+15
🇩🇪 Franks · Germany
638
-15
yunn champ yunn
4:24 Loom
11:34 Feudal Age
12:04 Double-Bit Axe
14:32 Gold Mining
17:31 Castle Age
17:12 Forging
20:29 Iron Casting
20:00 Scale Barding Armor
25:18 Bow Saw
24:40 Pikeman
29:54 Gold Shaft Mining
31:00 Fervor
33:57 Wheelbarrow
36:28 Imperial Age
33:34 Ordonnance Companies
35:31 Squires
35:18 Arson
35:43 Fletching
36:15 Chain Barding Armor
35:57 Padded Archer Armor
36:25 Husbandry
36:32 Scale Mail Armor
42:36 Halberdier
46:52 Cranequins
46:53 Heavy Mounted Crossbowman
48:53 Cranequins
50:11 Conscription
49:52 Heavy Mounted Crossbowman
52:38 Blast Furnace
52:14 Plate Barding Armor
51:56 Leather Archer Armor
51:42 Cranequins
60:55 Bodkin Arrow
63:00 Chemistry
SuperZèbre
0:29 Loom
14:07 Feudal Age
17:23 Double-Bit Axe
19:50 Castle Age
21:17 Husbandry
22:57 Pikeman
23:37 Squires
23:23 Arson
29:06 Stone Mining
29:07 Gold Mining
29:30 Bow Saw
30:09 Scale Barding Armor
30:18 Forging
31:43 Scale Mail Armor
32:20 Iron Casting
32:09 Treadmill Crane
33:26 Murder Holes
38:02 Imperial Age
38:22 Chain Mail Armor
38:28 Chain Barding Armor
39:07 Conscription
38:13 Cavalier
39:17 Halberdier
41:15 Paladin
52:38 Hoardings
56:23 Padded Archer Armor
56:13 Fletching
57:25 Blast Furnace
Connection lost

Rejoining the realm…

Still unreachable

The connection could not be restored.

Session expired

The server has moved on; the page needs a fresh start.